 Dungeon Crawl Stone Soup version 0.31.0-11-ge490571c62 (webtiles) character file.

Game seed: 4166023570285556619

49009 gorgonaught the Bludgeoner (level 14, -1/129 HPs)
             Began as a Minotaur Fighter on Feb 4, 2024.
             Was the Champion of Trog.
             Slain by a fire elemental (9 damage)
             ... summoned by a deep elf pyromancer
             ... on level 1 of the Elven Halls on Feb 5, 2024.
             The game lasted 00:32:03 (14636 turns).

gorgonaught the Bludgeoner (Minotaur Fighter)      Turns: 14636, Time: 00:32:05

Health: -1/129     AC: 39    Str: 21    XL:     14   Next: 14%
Magic:  13/13      EV: 13    Int:  7    God:    Trog [******]
Gold:   1348       SH: 10    Dex: 25    Spells: 13/13 levels left

rFire   . . .        t - +5 morningstar (heavy)
rCold   . . .        c - +1 buckler
rNeg    . . .        i - +15 Maxwell's patent armour {-Cast -Tele rElec Will+ rCorr}
rPois   .            (helmet restricted)
rElec   +            x - +0 cloak
rCorr   +            s - +2 pair of gloves
SInv    .            A - +2 pair of boots {Stlth+}
Will    ++...        h - amulet of the acrobat Stlth
                     v - +6 ring of dexterity
HPRegen 1.21/turn    k - +6 ring of dexterity
MPRegen 0.13/turn

%: no teleportation, no spellcasting, acrobat
@: no status effects
A: horns 2, retaliatory headbutt, regeneration 1, noise suppression
a: Renounce Religion, Berserk, Trog's Hand, Brothers in Arms


You were on level 1 of the Elven Halls.
You worshipped Trog.
Trog was exalted by your worship.
You visited 4 branches of the dungeon, and saw 16 of its levels.
You also visited: Ossuary.

You collected 1700 gold pieces.
You spent 352 gold pieces at shops.

Inventory:

Hand Weapons
 e - a +9 antimagic flail
 t - a +5 heavy morningstar (weapon)
 u - the +8 demon trident "Rift" {distort, reach+}
   (Trog gifted it to you on level 1 of the Lair of Beasts)
Armour
 c - a +1 buckler (worn)
 i - the +15 Maxwell's patent armour (worn) {-Cast -Tele rElec Will+ rCorr}
   (You acquired it on level 2 of the Dungeon)

   rElec:     It insulates you from electricity.
   Will+:     It increases your willpower.
   -Cast:     It prevents spellcasting.
   -Tele:     It prevents most forms of teleportation.
   rCorr:     It protects you from acid and corrosion.
 s - a +2 pair of gloves (worn)
 x - a +0 cloak (worn)
 A - a +2 pair of boots of stealth (worn)
 D - a +2 troll leather armour {Snorg}
Jewellery
 b - a +5 ring of evasion
 h - an amulet of the acrobat (around neck)
 k - a +6 ring of dexterity (right hand)
 v - a +6 ring of dexterity (left hand)
Wands
 d - a wand of roots (4)
 g - a wand of polymorph (6)
 y - a wand of digging (5)
Scrolls
 l - 2 scrolls of fear
 p - 11 scrolls of identify
 q - a scroll of immolation
 r - 3 scrolls of blinking
 z - 4 scrolls of teleportation
 B - 6 scrolls of summoning
 E - a scroll of poison
Potions
 a - a potion of experience {unknown}
 j - 4 potions of brilliance
 m - a potion of invisibility {unknown}
 n - a potion of attraction
 o - 4 potions of might
 w - a potion of lignification
 F - a potion of berserk rage


   Skills:
 * Level 13.4 Fighting
 * Level 16.4 Maces & Flails
 * Level 13.1 Armour
 * Level 9.2 Dodging
 + Level 1.0 Stealth
 * Level 14.5 Shields


You had 13 spell levels left.
You didn't know any spells.
Your spell library was empty.

Dungeon Overview and Level Annotations

Branches:
Dungeon (10/15)            Temple (0/1) D:5            Lair (3/5) D:10
 Shoals (0/4) Lair:3       Spider (0/4) Lair:2          Orc (2/2) D:9
    Elf (1/3) Orc:2       Ossuary (visited)

Altars:
Dithmenos
Nemelex Xobeh
Trog
Uskayaw
Zin

Shops:
D:10 [   Orc:2 (=[:?:=   Elf:1 *


Innate Abilities, Weirdness & Mutations

You have a pair of horns on your head.
You reflexively headbutt those who attack you in melee.
Your natural rate of healing is unusually fast.
You passively dampen the noise of your surroundings.


Message History

* * * LOW HITPOINT WARNING * * *
You block the fire elemental's attack.
You shake off some of the fire as you move.
The liquid fire burns you!
* * * LOW HITPOINT WARNING * * *
You block the fire elemental's attack.
You shake off some of the fire as you move.
The liquid fire burns you!
* * * LOW HITPOINT WARNING * * *
You block the fire elemental's attack.
You shake off the liquid fire.
The deep elf pyromancer casts a spell.
The deep elf pyromancer blinks!
The fire elemental misses you.
Unknown command.
Okay, then.
Your stone giant goes berserk!
The fire elemental closely misses you. The fire elemental hits you.
Your stone giant is engulfed in blazing flames.
Your stone giant is engulfed in blazing flames.
Your stone giant rages.
The deep elf pyromancer gestures at you while chanting.
The bolt of fire misses you.
The fire elemental completely misses you.
You furiously retaliate!
You headbutt the fire elemental!
The fire elemental completely misses you.
Your stone giant is engulfed in blazing flames.
Your stone giant hits the fire elemental.
Your stone giant is engulfed in blazing flames.
Your stone giant hits the fire elemental!!!
The fire elemental is destroyed!
The fire elemental disappears in a puff of smoke!
The fire elemental hits you. The fire elemental burns you! You resist.
* * * LOW HITPOINT WARNING * * *
It was a potion of cancellation.
Your magical effects are unravelling.
You feel magically purged.
Your resistance to elements expires.
Your stone giant barely misses the fire elemental.
The fire elemental hits you. The fire elemental burns you!
You die...

##.....# ####'## #.# ###.#
#######...# .........## .
#######.## ... ######+#####
####'#### .....#.).)..@...##
##........
.......)..§E.....###.........
........)°C.e.....#..........
..>.......§§§................
.............................
.............................
.....#............#.........#
....###..........###.......##
#### ############ #########


You could see a deep elf pyromancer, a fire elemental (summoned, ally target)
and a friendly stone giant (summoned, berserk).

Vanquished Creatures
  Snorg (Orc:1)
  A hydra (Lair:1)
  3 two-headed ogres
  6 dancing weapons (Elf:1)
  3 orc high priests (Orc:2)
  Sonja (Lair:1)
  2 deep elf knights (Elf:1)
  6 deep elf pyromancers (Elf:1)
  9 deep elf zephyrmancers (Elf:1)
  4 orc knights (Orc:2)
  2 deep elf archers (Elf:1)
  4 orc sorcerers (Orc:2)
  3 elephants (Lair:3)
  7 kobold blastminers
  3 black mambas
  4 cane toads
  Joseph (D:8)
  7 komodo dragons
  5 rime drakes
  3 trolls (Orc:1)
  Prince Ribbit (D:6)
  6 dream sheep (Lair:1)
  A jumping spider (Lair:2)
  Sigmund (D:2)
  2 water elementals (Elf:1)
  2 shadows (D:9)
  An air elemental (Elf:1)
  3 wraiths (D:10)
  4 wyverns
  A human (shapeshifter) (D:9)
  4 basilisks
  45 yaks
  Grum (D:9)
  3 redbacks (Lair:2)
  A steam dragon (Lair:3)
  11 water moccasins
  6 orc warriors
  4 ice beasts
  2 black bears (Lair:1)
  7 ogres
  18 wolves
  8 centaurs
  A phantom (D:9)
  10 bullfrogs
  A gnoll sergeant (D:6)
  3 elf zombies (D:5)
  5 scorpions
  5 wights (D:10)
  A troll zombie (D:9)
  3 killer bees (D:9)
  An electric eel (Lair:2)
  3 howler monkeys (D:9)
  3 hounds
  3 human zombies
  3 sleepcaps
  A gnoll bouda (D:7)
  15 orc priests
  Jessica (D:2)
  3 human skeletons (D:5)
  6 hell rats (Lair:3)
  17 orc wizards
  7 ogre zombies (D:9)
  4 mummies (Ossuary)
  12 gnolls
  9 adders
  A white imp (D:6)
  2 ufetubi (D:5)
  An adder zombie (Ossuary)
  A ribbon worm (D:4)
  4 dart slugs
  49 orcs
  8 endoplasms
  5 giant cockroaches
  3 gnoll zombies
  16 goblins
  7 hobgoblins
  5 jackals (D:4)
  12 kobolds
  5 quokkas
  10 ball pythons
  3 bats
  A frilled lizard (D:3)
  3 gnoll skeletons (D:9)
  2 goblin zombies (Ossuary)
  3 jackal zombies (Ossuary)
  3 orc skeletons
  23 orc zombies
  9 rats
  A rat zombie (Ossuary)
501 creatures vanquished.

Vanquished Creatures (others)
  An orc wizard (Orc:2)
1 creature vanquished.

Grand Total: 502 creatures vanquished

Notes
Turn   | Place    | Note
-------+----------+-------------------------------------------
     0 | D:1      | gorgonaught the Minotaur Fighter began the quest for the
                  | Orb.
     0 | D:1      | Reached XP level 1. HP: 19/19 MP: 0/0
    15 | D:1      | Noticed a minotaur skeleton
   100 | D:1      | Reached XP level 2. HP: 27/27 MP: 1/1
   397 | D:1      | Reached XP level 3. HP: 33/33 MP: 2/2
   688 | D:1      | Reached skill level 3 in Maces & Flails
   766 | D:2      | Found a bloodstained altar of Trog.
   782 | D:2      | Reached XP level 4. HP: 19/40 MP: 3/3
   794 | D:2      | Reached skill level 1 in Dodging
   970 | D:2      | Became a worshipper of Trog the Wrathful
   985 | D:2      | Noticed Sigmund
   989 | D:2      | Killed Sigmund
   990 | D:2      | Reached skill level 4 in Maces & Flails
   990 | D:2      | Reached skill level 5 in Armour
   990 | D:2      | Reached XP level 5. HP: 36/47 MP: 4/4
   990 | D:2      | Reached XP level 6. HP: 40/53 MP: 5/5
  1151 | D:2      | Noticed Jessica
  1155 | D:2      | Reached skill level 5 in Maces & Flails
  1157 | D:2      | Killed Jessica
  1167 | D:2      | Identified a scroll of acquirement
  1167 | D:2      | Acquired the +15 Maxwell's patent armour {-Cast -Tele rElec
                  | Will+ rCorr}
  1167 | D:2      | Found the +15 Maxwell's patent armour {-Cast -Tele rElec
                  | Will+ rCorr}
  1586 | D:3      | Reached * piety under Trog
  2430 | D:4      | Reached ** piety under Trog
  2431 | D:4      | Reached skill level 5 in Shields
  2458 | D:4      | Reached skill level 5 in Fighting
  2497 | D:4      | Reached XP level 7. HP: 59/61 MP: 6/6
  2529 | D:4      | Reached skill level 6 in Maces & Flails
  2691 | D:4      | Found a glowing silver altar of Zin.
  2691 | D:4      | Found a sparkling altar of Nemelex Xobeh.
  2691 | D:4      | Found a hide-covered altar of Uskayaw.
  3078 | D:5      | Entered Level 5 of the Dungeon
  3175 | D:5      | Found a staircase to the Ecumenical Temple.
  3234 | D:5      | Reached skill level 7 in Maces & Flails
  3268 | D:5      | Found a sand-covered staircase.
  3285 | D:5      | Reached XP level 8. HP: 61/69 MP: 7/7
  3288 | D:5      | Reached *** piety under Trog
  3314 | Ossuary  | Entered an ossuary
  3776 | D:5      | Reached skill level 8 in Maces & Flails
  4566 | D:6      | Reached skill level 9 in Maces & Flails
  4601 | D:6      | Reached **** piety under Trog
  4986 | D:7      | Noticed Prince Ribbit
  4999 | D:7      | Reached XP level 9. HP: 38/75 MP: 8/8
  5021 | D:6      | Killed Prince Ribbit
  5458 | D:7      | Reached skill level 10 in Maces & Flails
  6720 | D:8      | Reached skill level 11 in Maces & Flails
  6725 | D:8      | Reached XP level 10. HP: 59/86 MP: 9/9
  6730 | D:8      | Reached skill level 5 in Dodging
  6890 | D:8      | Noticed Joseph
  6901 | D:8      | Killed Joseph
  7229 | D:9      | Found a shadowy altar of Dithmenos.
  7383 | D:9      | Reached ***** piety under Trog
  7420 | D:9      | Noticed Grum
  7452 | D:9      | Killed Grum
  7677 | D:9      | Noticed a two-headed ogre
  7691 | D:9      | Killed a two-headed ogre
  7692 | D:9      | Reached skill level 12 in Maces & Flails
  7831 | D:9      | Identified the maw talisman "Wiuv" {rF++}
  7888 | D:9      | Found a staircase to the Orcish Mines.
  8242 | D:9      | Gained mutation: You occasionally lose the ability to read
                  | scrolls when taking damage. [potion of mutation]
  8242 | D:9      | Gained mutation: You occasionally shout uncontrollably at
                  | your foes. [potion of mutation]
  8278 | D:9      | Lost mutation: You occasionally shout uncontrollably at
                  | your foes. [potion of mutation]
  8278 | D:9      | Lost mutation: You occasionally lose the ability to read
                  | scrolls when taking damage. [potion of mutation]
  8278 | D:9      | Gained mutation: Your natural rate of healing is unusually
                  | fast. [potion of mutation]
  8278 | D:9      | Gained mutation: You passively dampen the noise of your
                  | surroundings. [potion of mutation]
  8280 | D:10     | Entered Level 10 of the Dungeon
  8517 | D:10     | Reached XP level 11. HP: 95/95 MP: 10/10
  8579 | D:10     | Found a staircase to the Lair.
  8667 | Lair:1   | Entered Level 1 of the Lair of Beasts
  8680 | Lair:1   | Reached skill level 13 in Maces & Flails
  8680 | Lair:1   | Reached skill level 10 in Armour
  8839 | Lair:1   | Noticed Sonja
  8858 | Lair:1   | Reached skill level 10 in Shields
  8861 | Lair:1   | Killed Sonja
  9127 | Lair:1   | Reached skill level 1 in Stealth
  9128 | Lair:1   | Received a gift from Trog
  9128 | Lair:1   | Found the +8 demon trident "Rift" {distort, reach+}
  9146 | Lair:1   | Reached skill level 10 in Fighting
  9329 | Lair:1   | Reached skill level 14 in Maces & Flails
  9481 | Lair:1   | Noticed an eight-headed hydra
  9489 | Lair:1   | Killed an eight-headed hydra
  9652 | Lair:2   | Reached XP level 12. HP: 104/106 MP: 11/11
  9742 | Lair:2   | Found a hole to the Spider Nest.
 10925 | Lair:3   | Found a staircase to the Shoals.
 10939 | Lair:3   | Received a gift from Trog
 11033 | Lair:3   | Reached skill level 15 in Maces & Flails
 12032 | D:10     | Found Heceixex's Antique Armour Shoppe.
 12041 | D:10     | Bought a pair of glowing boots for 247 gold pieces
 12193 | D:10     | Noticed a two-headed ogre
 12201 | D:10     | Killed a two-headed ogre
 12456 | Orc:1    | Entered Level 1 of the Orcish Mines
 12463 | Orc:1    | Reached XP level 13. HP: 117/117 MP: 4/12
 12587 | Orc:2    | Entered Level 2 of the Orcish Mines
 12691 | Orc:1    | Noticed Snorg
 12703 | Orc:1    | Killed Snorg
 13204 | Orc:2    | Found a staircase to the Elven Halls.
 13226 | Orc:2    | Found Nefalusua's Book Emporium.
 13265 | Orc:2    | Found Darphiupa's Weapon Emporium.
 13351 | Orc:2    | Found Gusmuqit's Jewellery Emporium.
 13407 | Orc:2    | Reached ****** piety under Trog
 13442 | Orc:2    | Found Xaebismu's Magic Scroll Boutique.
 13444 | Orc:2    | Received a gift from Trog
 13459 | Orc:2    | Found Koecri's Antique Armour Emporium.
 13519 | Orc:2    | Found Jubel's Book Boutique.
 13534 | Orc:2    | Bought a scroll of enchant armour for 105 gold pieces
 13807 | Orc:2    | Found Puedaj's Jewellery Shop.
 13949 | Elf:1    | Entered Level 1 of the Elven Halls
 13964 | Elf:1    | Reached skill level 16 in Maces & Flails
 14054 | Elf:1    | Found Yschuahav's Assorted Antiques.
 14272 | Elf:1    | Reached XP level 14. HP: 103/129 MP: 4/13
 14608 | Elf:1    | Paralysed by an air elemental for 1 turns
 14630 | Elf:1    | HP: 4/129 [burnt (4)]
 14636 | Elf:1    | Slain by a fire elemental

Illustrated notes

Levels and vault maps discovered:
D:1:      shiori_arrival_whats_in_store_for_you, layout_basic
D:2:      layout_rooms, basic_altar, kennysheep_generic_room_5, uniq_sigmund,
          uniq_jessica
D:3:      layout_loops_ring, columned_hall_lemuel
D:4:      layout_basic, gammafunk_temple_overflow_claw, minmay_misc_feat_tower,
          minmay_joined_circles
D:5:      layout_cave_pools, minmay_temple_entry_trees,
          nicolae_ossuary_entry_catacombs
D:6:      layout_rooms, corexii_shack
D:7:      layout_cave_pods, uniq_prince_ribbit1
D:8:      lemuel_ice_spiral_2, layout_basic,
          serial_library_hellmonk_angled_corner, uniq_joseph
D:9:      layout_rooms, mainiacjoe_overflow_tiny_flanked, zombieorc2_lemuel,
          kennysheep_just_a_vault, uniq_grum
D:10:     layout_basic, hellmonk_lair_entry_icy, serial_shops,
          nicolae_shop_tiny_glass
Lair:1:   cheibrodos_lair_river_kwai, layout_loops_ring, beast_lair_carwin_4,
          uniq_sonja
Lair:2:   layout_long_grid, spider_nest_entry_a, beast_lair_carwin_3,
          serial_bayou_shore_a, serial_bayou_shore_b, infiniplex_staircase_pool,
          grunt_megastairs_5
Lair:3:   layout_cave_pods, minmay_shoals_entry_centaurs, st_stairs_13,
          lemuel_old_faithful
Orc:1:    layout_diamond_mine, basic_altar, uniq_snorg
Orc:2:    st_orc_elflike, layout_diamond_mine, serial_shops,
          nicolae_shop_behind_doors, shop, nicolae_shop_tiny_statue_garden
Elf:1:    layout_gridlike, serial_shops, shop, nicolae_elf_crossing_hall,
          amcnicky_mini_pool_small, grunt_ministairs_11, minmay_shoptagon

Skill      XL: |  1  2  3  4  5  6  7  8  9 10 11 12 13 14 |
---------------+-------------------------------------------+-----
Fighting       | 4 5 6 7 8 10 11 13 | 13.4
Armour         | 4 5 6 8 9 10 11 12 13 | 13.1
Shields        | 4 5 6 8 9 10 12 14 | 14.5
Maces & Flails | 3 4 5 7 9 11 12 14 15 16 | 16.4
Dodging        | 1 2 3 4 6 8 9 |  9.2
Stealth        | 1 |  1.0

Action                     |  1- 3 |  4- 6 |  7- 9 | 10-12 | 13-15 || total
---------------------------+-------+-------+-------+-------+-------++-------
  Melee: Flail             |    69 |   131 |   362 |   756 |   326 ||  1644
         Headbutt          |     8 |    22 |    73 |   217 |    88 ||   408
         Morningstar       |       |       |       |       |    17 ||    17
 Invoke: Berserk           |       |       |     3 |     3 |     3 ||     9
         Brothers in Arms  |       |       |       |       |     1 ||     1
    Use: Scroll            |     2 |     7 |     6 |     1 |     5 ||    21
         Potion            |       |     1 |     7 |     7 |     3 ||    18
 Armour: Scale mail        |    56 |    22 |       |       |       ||    78
         Plate armour      |       |    60 |   298 |   529 |   233 ||  1120
  Dodge: Dodged            |    36 |    48 |   165 |   337 |   167 ||   753
         Repelled          |       |     1 |       |       |       ||     1
  Block: Buckler           |    10 |    38 |   137 |   339 |   149 ||   673
